 Dungeon Sprint DCSS version 0.25.1-2-g60ff931df9 (webtiles) character file.

Game seed: 11961509607982312940

187 howech the Magician (level 5, -5/42 HPs)
             Began as a Gnoll Fire Elementalist on Oct 22, 2020.
             Killed from afar by an air elemental (11 damage)
             ... with a tornado
             ... in the Dungeon (Sprint V: "Ziggurat Sprint").
             The game lasted 00:02:17 (119 turns).

howech the Magician (Gnoll Fire Elementalist)        Turns: 119, Time: 00:02:18

Health: -5/42      AC: 26    Str: 16    XL:     5   Next: 66%
Magic:  14/14      EV:  1    Int: 18    God:
Gold:   0          SH: 28    Dex: 22    Spells: 16/17 levels left

rFire    . . .     SeeInvis .   H - +7 Screaming Sword {vorpal, sonic wave}
rCold    . . .     Gourm    .   J - +18 shield of the Gong {rElec rN+ MR+ EV-5}
rNeg     + . .     Faith    .   I - +15 Maxwell's patent armour {-Cast -Tele rElec MR+ rCorr}
rPois    .         Spirit   .   (no helmet)
rElec    +         Reflect  .   (no cloak)
rCorr    +         Harm     .   (no gloves)
MR       ++...     NoTele   +   (no boots) Stlth ..........NoCast +
                                (no amulet)
HPRegen  0.14/turn              F - +6 ring of strength
MPRegen  0.14/turn              B - +6 ring of dexterity

@: flying (expiring)
A: distributed training, fangs 1, strong nose
a: no special abilities


You were in the Dungeon.
You were not hungry.

You visited 1 branch

Inventory:

Hand Weapons
 H - the +7 Screaming Sword (weapon) {vorpal, sonic wave}
   (You found it in the Dungeon)

   It inflicts extra damage upon your enemies.
Armour
 b - +5 fire dragon scales
 j - +5 shadow dragon scales
 k - +5 storm dragon scales
 I - the +15 Maxwell's patent armour (worn) {-Cast -Tele rElec MR+ rCorr}
   (You found it in the Dungeon)

   It insulates you from electricity.
   It affects your resistance to hostile enchantments.
   It prevents spellcasting.
   It prevents most forms of teleportation.
   It provides partial protection from all sources of acid and corrosion.
 J - the +18 shield of the Gong (worn) {rElec rN+ MR+ EV-5}
   (You found it in the Dungeon)

   It affects your evasion (-5).
   It insulates you from electricity.
   It protects you from negative energy.
   It affects your resistance to hostile enchantments.
Jewellery
 o - an uncursed amulet of faith
 A - an uncursed ring of flight
 B - a +6 ring of dexterity (right hand)
 C - a +6 ring of dexterity
 D - a +6 ring of intelligence
 E - a +6 ring of intelligence
 F - a +6 ring of strength (left hand)
 G - a +6 ring of strength
 K - the ring of Divine Compulsion {Ice rN+}
   (You found it in the Dungeon)

   [ring of ice]

   It enhances your ice magic.
   It makes you vulnerable to fire.
   It protects you from cold.
   It protects you from negative energy.
Wands
 x - a wand of disintegration (7)
 y - a wand of iceblast (7)
 z - a wand of acid (7)
Scrolls
 i - 4 scrolls of blinking
 r - 4 scrolls of amnesia
 s - 7 scrolls of fog
 t - a scroll of holy word
 u - 5 scrolls of identify
 v - 5 scrolls of remove curse
 w - 2 scrolls of fear
Potions
 d - 10 potions of curing
 e - 10 potions of heal wounds
 f - 6 potions of haste
 g - 7 potions of magic
 h - 3 potions of berserk rage
 l - 2 potions of brilliance
 m - 2 potions of invisibility
 n - 4 potions of resistance
 p - 5 potions of stabbing
 q - 5 potions of might
Comestibles
 a - 6 chunks of flesh
 c - 7 rations


   Skills:
 + Level 4.0 Fighting
 + Level 4.0 Short Blades
 + Level 4.0 Long Blades
 + Level 4.0 Axes
 + Level 4.0 Maces & Flails
 + Level 4.0 Polearms
 + Level 4.0 Staves
 + Level 4.0 Slings
 + Level 4.0 Bows
 + Level 4.0 Crossbows
 + Level 4.0 Throwing
 + Level 4.0 Armour
 + Level 6.2 Dodging
 + Level 5.9 Stealth
 + Level 4.0 Shields
 + Level 4.0 Unarmed Combat
 + Level 6.5 Spellcasting
 + Level 4.0 Conjurations
 + Level 3.3 Hexes
 + Level 3.3 Charms
 + Level 3.3 Summonings
 + Level 3.3 Necromancy
 + Level 3.3 Translocations
 + Level 3.3 Transmutations
 + Level 6.4 Fire Magic
 + Level 3.3 Ice Magic
 + Level 3.3 Air Magic
 + Level 3.3 Earth Magic
 + Level 3.3 Poison Magic
 + Level 4.4 Invocations
 + Level 4.0 Evocations


You had 16 spell levels left.
You knew the following spells:

 Your Spells              Type           Power        Failure   Level  Hunger
a - Foxfire               Conj/Fire      ###.         97%         1    None

Your spell library contained the following spells:

 Spells                   Type           Power        Failure   Level  Hunger
 Freeze                   Ice            ###.         100%        1    None
 Conjure Flame            Conj/Fire      ###.....     100%        3    ##.....
 Frozen Ramparts          Ice            ###...       100%        3    ##.....
 Inner Flame              Hex/Fire       ###.....     100%        3    ##.....
 Ozocubu's Armour         Chrm/Ice       ###.....     100%        3    ##.....
 Hailstorm                Conj/Ice       ###.....     100%        4    ####...
 Sticky Flame             Conj/Fire      ###.....     100%        4    ####...
 Summon Ice Beast         Ice/Summ       ###.....     100%        4    ####...
 Fireball                 Conj/Fire      ###.......   100%        5    #####..


Dungeon Overview and Level Annotations

Branches:
Dungeon (1/1)

Altars:
Ashenzari
Cheibriados
Dithmenos
Elyvilon
Fedhas
Gozag
Hepliaklqana
Kikubaaqudgha
Makhleb
Nemelex Xobeh
Okawaru
Qazlal
Ru
Sif Muna
Trog
Uskayaw
Vehumet
Wu Jian
Xom
Yredelemnul
Zin
The Shining One
Beogh
Jiyva
Lugonu

Annotations:
D 1 transporter


Innate Abilities, Weirdness & Mutations

Your experience applies equally to all skills.
You have very sharp teeth.
Your uncanny sense of smell can sniff out nearby items.


Message History

There is a transporter here.
Welcome to arena 3.
You enter the transporter and appear at another place.
A dancing weapon, an earth elemental, an air elemental and a deep elf high priest come into view.
There is a +4 mace of protection.
The deep elf high priest shouts!
A vortex of raging winds appears around the air elemental!
The deep elf high priest mumbles some strange prayers to its god against you.
The sphere of damnation explodes!
The damnation engulfs you!!
Ouch! That really hurt!
* * * LOW HITPOINT WARNING * * *
Found four items.
Found a transporter.
Unknown command.
The vortex of raging winds lifts you up.
You fly up into the air.
* * * LOW HITPOINT WARNING * * *
You block the air elemental's attack.
SHROANNG!
You miss the air elemental.
You are engulfed in raging winds.
You die...

▓▓▓▓▓▓▓▓▓▓▓▓▓▓▓▓▓▓▓
▓.8©8.▓.8©8.▓.8©8.▓
∆
▓§§§§§▓.=...▓.....▓
∆
▓§Ee§§▓.....▓.)...▓
▓§§§§§▓.)[).▓.÷...▓
▓§§§E§▓.....▓.....▓
▓§§(@§▓.....▓..©..▓
▓..©§.▓..©..▓▓▓▓▓▓▓
▓▓▓▓▓▓▓▓▓▓▓▓▓ ∆∆∆
∆∆∆ ∆ ∆ ∆ ∆


You could see a deep elf high priest, an earth elemental, an air elemental and a
+4 mace of protection.

Vanquished Creatures
  A porcupine (D)
  2 orc priests (D)
  An iguana (D)
  An orc (D)
5 creatures vanquished.

Notes
Turn   | Place    | Note
-------+----------+-------------------------------------------
     0 | D        | howech the Gnoll Fire Elementalist began the quest for the
                  | Orb.
     0 | D        | Reached XP level 1. HP: 13/13 MP: 6/6
     5 | D        | Found a blossoming altar of Fedhas.
     6 | D        | Found the +6 Majin-Bo {vamp, Archmagi MP+6 Int+6}
     6 | D        | Found the +7 great mace "Firestarter" {inner flame, rF++}
     7 | D        | Found a shimmering blue altar of Sif Muna.
     7 | D        | Found a sacrificial altar of Ru.
     7 | D        | Found a bloodstained altar of Trog.
     7 | D        | Found a stormy altar of Qazlal.
     7 | D        | Found an iron altar of Okawaru.
     7 | D        | Found a sparkling altar of Nemelex Xobeh.
     9 | D        | Found a transporter.
     9 | D        | Found an ancient bone altar of Kikubaaqudgha.
     9 | D        | Found a viscous altar of Jiyva.
     9 | D        | Found a corrupted altar of Lugonu.
     9 | D        | Found a hazy altar of Hepliaklqana.
     9 | D        | Found a burning altar of Makhleb.
     9 | D        | Found an opulent altar of Gozag.
    25 | D        | Found the +6 shillelagh "Devastator" {shatter}
    25 | D        | Found the +11 plutonium sword {*Contam Stlth-}
    25 | D        | Found the +8 lance "Wyrmbane" {slay drac, rPois rF+ rC+
                  | AC+3}
    25 | D        | Found the +9 sword of Zonguldrok {reap}
    25 | D        | Found the cursed +13 scythe of Curses {drain, *Curse}
    25 | D        | Found the +0 sword of Power
    25 | D        | Found the +7 mace of Variability {chain chaos}
    25 | D        | Found the +7 Singing Sword {vorpal, sonic wave}
    25 | D        | Found the +8 storm bow {elec, penet}
    27 | D        | Found the +9 heavy crossbow "Sniper" {vorpal, Acc+∞ SInv}
    27 | D        | Found the +10 dark maul {vorpal}
    27 | D        | Found the +15 Maxwell's patent armour {-Cast -Tele rElec
                  | MR+ rCorr}
    27 | D        | Found the +18 shield of the Gong {rElec rN+ MR+ EV-5}
    27 | D        | Found the cursed +14 obsidian axe {vorpal, +Fly SInv
                  | *Curse}
    50 | D        | Reached skill level 5 in Dodging
    50 | D        | Reached skill level 5 in Spellcasting
    50 | D        | Reached skill level 1 in Hexes
    50 | D        | Reached skill level 1 in Charms
    50 | D        | Reached skill level 1 in Summonings
    50 | D        | Reached skill level 1 in Necromancy
    50 | D        | Reached skill level 1 in Translocations
    50 | D        | Reached skill level 1 in Transmutations
    50 | D        | Reached skill level 1 in Ice Magic
    50 | D        | Reached skill level 1 in Air Magic
    50 | D        | Reached skill level 1 in Earth Magic
    50 | D        | Reached skill level 1 in Poison Magic
    50 | D        | Reached XP level 2. HP: 22/22 MP: 6/8
    51 | D        | Entered arena 2.
    51 | D        | Noticed a porcupine
    51 | D        | Found a transporter.
    53 | D        | Killed a porcupine
    53 | D        | Reached skill level 5 in Stealth
    53 | D        | Reached XP level 3. HP: 29/29 MP: 6/10
    53 | D        | Reached XP level 4. HP: 35/35 MP: 7/12
    53 | D        | Reached XP level 5. HP: 41/41 MP: 7/13
    97 | D        | Entered arena 3.
    97 | D        | Found a transporter.
   115 | D        | Got the ring of Divine Compulsion {Ice rN+}
   117 | D        | Entered arena 4.
   117 | D        | Noticed a +4 mace of protection
   117 | D        | Noticed a deep elf high priest
   117 | D        | Noticed an air elemental
   117 | D        | Found a transporter.
   119 | D        | Killed from afar by an air elemental

Illustrated notes

Levels and vault maps discovered:
D:        sprint_v [room_start, room_1, room_2, room_3, room_4, room_5, room_6,
          room_7, room_8, room_9, room_10, room_11, room_12, room_13, room_14,
          room_15, room_16, room_17, room_18, room_19, room_20, room_21,
          room_22, room_23, room_24, room_25, room_26, room_27]

Skill      XL: |  1  2  3  4  5 |
---------------+----------------+-----
Fighting       | 2 3 4 |  4.0
Short Blades   | 2 3 4 |  4.0
Long Blades    | 2 3 4 |  4.0
Axes           | 2 3 4 |  4.0
Maces & Flails | 2 3 4 |  4.0
Polearms       | 2 3 4 |  4.0
Staves         | 2 3 4 |  4.0
Slings         | 2 3 4 |  4.0
Bows           | 2 3 4 |  4.0
Crossbows      | 2 3 4 |  4.0
Throwing       | 2 3 4 |  4.0
Armour         | 2 3 4 |  4.0
Dodging        | 5 6 |  6.2
Shields        | 2 3 4 |  4.0
Unarmed Combat | 2 3 4 |  4.0
Spellcasting   | 5 6 |  6.5
Conjurations   | 2 3 4 |  4.0
Hexes          | 1 2 3 |  3.3
Charms         | 1 2 3 |  3.3
Summonings     | 1 2 3 |  3.3
Necromancy     | 1 2 3 |  3.3
Translocations | 1 2 3 |  3.3
Transmutations | 1 2 3 |  3.3
Ice Magic      | 1 2 3 |  3.3
Air Magic      | 1 2 3 |  3.3
Earth Magic    | 1 2 3 |  3.3
Poison Magic   | 1 2 3 |  3.3
Invocations    | 2 3 4 |  4.4
Evocations     | 2 3 4 |  4.0
Stealth        | 5 |  5.9
Fire Magic     | 6 |  6.4

Action                   |  1- 3 |  4- 6 || total
-------------------------+-------+-------++-------
Melee: Double sword      |     1 |     4 ||     5
  Use: Potion            |     1 |       ||     1
Block: Kite shield       |     2 |     6 ||     8
